 Dungeon Crawl Stone Soup version 0.30.1-3-gfc49f6343a (webtiles) character file.

Game seed: 17275675138857606058

29 KyoPewz the Cudgeller (level 3, -15/36 HPs)
             Began as an Ogre Gladiator on July 30, 2023.
             Demolished by an ogre
             ... wielding a +0 giant spiked club
              (23 damage)
             ... on level 2 of the Dungeon.
             The game lasted 00:01:26 (918 turns).

KyoPewz the Cudgeller (Ogre Gladiator)               Turns: 918, Time: 00:01:27

Health: -15/36     AC:  3    Str: 20    XL:     3   Next: 16%
Magic:  3/3        EV: 10    Int:  9    God:
Gold:   36         SH:  0    Dex: 10    Spells: 2/2 levels left

rFire   . . .        a - +0 flail
rCold   . . .        (no shield)
rNeg    . . .        b - +0 robe
rPois   .            c - +0 hat
rElec   .            (no cloak)
rCorr   .            (gloves unavailable)
SInv    .            (boots unavailable)
Will    .....        (no amulet)
Stlth   +            (no ring)
HPRegen 0.26/turn    (no ring)
MPRegen 0.08/turn

%: no passive effects
@: no status effects
A: large, unfitting armour, tough skin 1
a: no special abilities


You were on level 2 of the Dungeon.
You visited 1 branch of the dungeon, and saw 2 of its levels.

You collected 36 gold pieces.

Inventory:

Hand Weapons
 a - a +0 flail (weapon)
Missiles
 d - 2 throwing nets (quivered)
 i - 24 stones
Armour
 b - a +0 robe (worn)
 c - a +0 hat (worn)
Scrolls
 h - a scroll of amnesia {unknown}
 j - a scroll of magic mapping {unknown}
 k - a scroll of poison {unknown}
 m - a scroll of teleportation {unknown}
 o - a scroll of identify {unknown}
 p - a scroll of vulnerability {unknown}
Potions
 f - a potion of curing {unknown}
 g - 2 potions of invisibility {unknown}
 l - 2 potions of might {unknown}
 n - 2 potions of brilliance {unknown}


   Skills:
 - Level 2.6 Fighting
 * Level 3.5 Maces & Flails
 + Level 2.5 Throwing
 - Level 2.6 Dodging


You had 2 spell levels left.
You didn't know any spells.
Your spell library was empty.

Dungeon Overview and Level Annotations

Branches:
Dungeon (2/15)

Altars:


Innate Abilities, Weirdness & Mutations

You are too large for most types of armour.
You have tough skin. (AC +1)


Message History

Found an escape hatch in the floor.
There is a stone staircase leading down here.
An ogre comes into view. It is wielding a +0 giant spiked club.
The ogre moves out of view.
g - 2 purple potions (gained 1) Throw: large rock
Press: ? - help, Shift-Dir - straight line, f - ogre
Aim: an ogre, wielding a +0 giant spiked club (73% to hit)
You throw a large rock.
The large rock hits the ogre and shatters for extra damage.
The ogre is lightly wounded.
The ogre hits you with a +0 giant spiked club!!
Ouch! That really hurt!
* * * LOW HITPOINT WARNING * * *
You take 30 damage, and have 6/36 hp.
MASSIVE DAMAGE!!
Throw: 3 throwing nets
Press: ? - help, Shift-Dir - straight line, f/p - ogre
Aim: an ogre, wielding a +0 giant spiked club (lightly wounded, 73% to hit)
You throw a throwing net. The throwing net hits the ogre.
The ogre is caught in the net!
The ogre is lightly wounded.
The ogre struggles against the net.
You hit the ogre.
The ogre is lightly wounded.
The ogre struggles against the net.
You hit the ogre.
The ogre is moderately wounded.
The ogre struggles against the net.
You hit the ogre.
The ogre is moderately wounded.
The ogre struggles against the net. x2
You thump the ogre!
The ogre is severely wounded.
The ogre struggles against the net.
The net rips apart, and the ogre comes free!
You hit the ogre.
The ogre is severely wounded.
The ogre hits you with a +0 giant spiked club!!
Ouch! That really hurt!
You die...

........#
...)....#
........#
........#
........#
........#
......O.###.#
#@....#
...####.#####>#
.......>......#
##.####.#######
#.# #.# #.# #.#
#.#


You could see an ogre.

Vanquished Creatures
  A dart slug (D:1)
  3 ball pythons
  4 endoplasms
  A giant cockroach (D:1)
  A goblin (D:1)
  3 hobgoblins
  4 kobolds
  A quokka (D:1)
  A bat (D:1)
  6 rats (D:1)
25 creatures vanquished.

Notes
Turn   | Place    | Note
-------+----------+-------------------------------------------
     0 | D:1      | KyoPewz the Ogre Gladiator began the quest for the Orb.
     0 | D:1      | Reached XP level 1. HP: 22/22 MP: 1/1
   131 | D:1      | Reached skill level 3 in Maces & Flails
   133 | D:1      | Reached XP level 2. HP: 23/29 MP: 2/2
   726 | D:2      | Reached XP level 3. HP: 22/36 MP: 3/3
   908 | D:2      | Noticed an ogre
   918 | D:2      | Demolished by an ogre

Illustrated notes

Levels and vault maps discovered:
D:1:      eino_arrival_water_star, layout_loops_ring, kennysheep_doodads,
          minmay_splitting_lines, nicolae_kite_square_tiling_tiny
D:2:      minmay_chambers_of_ones, layout_basic, basic_altar,
          hellmonk_ecumenical_altar_inner_sanctum, serial_park_tiny_pond

Skill      XL: |  1 |
---------------+----+-----
Maces & Flails | 3 |  3.5
Fighting       | |  2.6
Throwing       | |  2.5
Dodging        | |  2.6

Action                     || total
---------------------------++-------
  Melee: Flail             ||    67
  Throw: Large rock        ||     1
         Throwing net      ||     1
 Armour: Robe              ||    11
  Dodge: Dodged            ||    36
